 Dungeon Crawl Stone Soup version 0.28.0-45-g0d030f2227 (webtiles) character file.

Game seed: 636329908990709446

97 protoss039 the Digger (level 4, -5/33 HPs)
             Began as a Demonspawn Earth Elementalist on May 30, 2022.
             Killed by divine providence
             ... invoked by an orc priest
              (16 damage)
             ... on level 3 of the Dungeon.
             The game lasted 00:03:58 (2094 turns).

protoss039 the Digger (DsEE)                        Turns: 2094, Time: 00:04:00

Health: -5/33      AC:  8    Str:  8    XL:     4   Next: 42%
Magic:  2/7        EV: 12    Int: 22    God:
Gold:   1131       SH:  0    Dex: 14    Spells: 2/8 levels left

rFire   . . .      SeeInvis .   j - +1 dagger (flame)
rCold   . . .      Faith    .   (no shield)
rNeg    . . .      Spirit   .   b - +0 robe
rPois   .          Reflect  .   (no helmet)
rElec   .          Harm     .   (no cloak)
rCorr   .          Rampage  .   m - +2 pair of gloves
Will    .....                   g - +2 pair of boots
Stlth   ++........              (no amulet)
HPRegen 0.11/turn               (no ring)
MPRegen 0.10/turn               (no ring)

@: very slightly contaminated
A: powered by pain 1, big brain 2
a: no special abilities


You were on level 3 of the Dungeon.
You visited 1 branch of the dungeon, and saw 3 of its levels.

You collected 1131 gold pieces.

Inventory:

Hand Weapons
 a - a +0 spear
 j - a +1 dagger of flaming (weapon)
Missiles
 c - 40 stones
Armour
 b - a +0 robe (worn)
 g - a +2 pair of boots (worn)
 m - a +2 pair of gloves (worn)
Scrolls
 d - a scroll of identify
 e - 2 scrolls of magic mapping
 i - a scroll of silence
 l - a scroll of teleportation
Potions
 f - a potion of brilliance
 h - a potion of berserk rage {unknown}
 k - a potion of curing {unknown}


   Skills:
 * Level 2.2 Fighting
 + Level 1.2 Armour
 - Level 1.7 Dodging
 - Level 1.7 Stealth
 + Level 2.5 Spellcasting
 * Level 1.1 Conjurations
 - Level 1.0 Transmutations
 + Level 3.1 Earth Magic


You had 2 spell levels left.
You knew the following spells:

 Your Spells              Type           Power      Damage    Failure   Level
a - Sandblast             Erth           32%        2d9       3%          1
b - Passwall              Tmut/Erth      9%         N/A       9%          2
c - Stone Arrow           Conj/Erth      24%        3d8       16%         3

Your spell library contained the following spells:

 Spells                   Type           Power      Damage    Failure   Level
 Petrify                  Tmut/Erth      11%        N/A       50%         4


Dungeon Overview and Level Annotations

Branches:
Dungeon (3/15)

Altars:


Innate Abilities, Weirdness & Mutations

You sometimes gain a little power by taking damage.
You have an extremely huge brain. (Int +4)


Message History

You hit the quokka. You burn the quokka.
The quokka is heavily wounded.
The quokka bites you.
You hit the quokka. You burn the quokka.
You kill the quokka!
You hit the orc priest but do no damage.
The orc priest hits you with a +0 short sword of flaming.
The orc priest burns you.
Casting: Sandblast (safe; 3% risk of failure)
Confirm with . or Enter, or press ? or * to list all spells.
Aiming: Sandblast (safe; 3% risk of failure)
Press: ? - help, Shift-Dir - straight line, f - orc priest
Aim: an orc priest, wielding a +0 short sword of flaming and wearing a +0 chain mail (85% to hit)
You miscast Sandblast.
You are very lightly contaminated with residual magic.
Nothing appears to happen.
The orc priest calls down the wrath of Beogh upon you.
Beogh smites you!
Casting: Sandblast (safe; 3% risk of failure)
Confirm with . or Enter, or press ? or * to list all spells.
Aiming: Sandblast (safe; 3% risk of failure)
Press: ? - help, Shift-Dir - straight line, f/p - orc priest
Aim: an orc priest, wielding a +0 short sword of flaming and wearing a +0 chain mail (85% to hit)
The blast of sand hits the orc priest but does no damage.
The orc priest closely misses you.
Unknown command.
Casting: Sandblast (safe; 3% risk of failure)
Confirm with . or Enter, or press ? or * to list all spells.
The spell is quite dangerous to miscast (16% risk of failure)!
Continue anyway?
Okay, then.
Casting: Stone Arrow (quite dangerous; 16% risk of failure)
Confirm with . or Enter, or press ? or * to list all spells.
The spell is quite dangerous to miscast (16% risk of failure)!
Continue anyway?
Aiming: Stone Arrow (quite dangerous; 16% risk of failure)
Press: ? - help, Shift-Dir - straight line, f/p - orc priest
Aim: an orc priest, wielding a +0 short sword of flaming and wearing a +0 chain mail (77% to hit)
You miscast Stone Arrow.
Nothing appears to happen.
The orc priest calls down the wrath of Beogh upon you.
Beogh smites you!
You die...

#..#...#≈≈#...#.#
#####
#...###≈..≈###.
#...............#
##.#####..###....
#....###.## .#
#.......## #.# #
#.##.###.##
##.##.# #.##.#
##.###.....###
#.##.#
##@#.r.......
#....#
##o#..#####
######
###........
#.o......
##..##### ..# o.#
..# ...


You could see an orc priest.

Vanquished Creatures
  3 adders (D:2)
  A worm (D:2)
  2 dart slugs (D:1)
  An orc (D:3)
  4 endoplasms
  A giant cockroach (D:1)
  4 goblins
  5 hobgoblins
  3 jackals (D:1)
  4 quokkas
  6 ball pythons
  5 bats (D:1)
  8 frilled lizards
  7 kobolds
  4 rats
58 creatures vanquished.

Notes
Turn   | Place    | Note
-------+----------+-------------------------------------------
     0 | D:1      | protoss039 the Demonspawn Earth Elementalist began the
                  | quest for the Orb.
     0 | D:1      | Reached XP level 1. HP: 13/13 MP: 3/3
    12 | D:1      | Reached skill level 1 in Transmutations
   183 | D:1      | Gained mutation: You have an unusually large brain. (Int
                  | +2) [demonic ancestry]
   183 | D:1      | Reached XP level 2. HP: 20/20 MP: 5/5
   196 | D:1      | Reached skill level 1 in Fighting
   681 | D:1      | Gained mutation: You have an extremely huge brain. (Int +4)
                  | [demonic ancestry]
   681 | D:1      | Reached XP level 3. HP: 23/26 MP: 6/6
   749 | D:1      | Reached skill level 3 in Earth Magic
   992 | D:1      | Reached skill level 1 in Armour
  1050 | D:1      | Learned a level 2 spell: Passwall
  1056 | D:2      | Learned a level 3 spell: Stone Arrow
  1273 | D:2      | Gained mutation: You sometimes gain a little power by
                  | taking damage. [demonic ancestry]
  1273 | D:2      | Reached XP level 4. HP: 27/33 MP: 3/7
  1453 | D:2      | Reached skill level 1 in Conjurations
  1796 | D:3      | Identified a scroll of acquirement
  1798 | D:3      | Acquired 1045 gold pieces
  2094 | D:3      | Killed from afar by an orc priest

Illustrated notes

Levels and vault maps discovered:
D:1:      erik_arrival_triangle_small, layout_rooms, minmay_cupped
D:2:      layout_rooms
D:3:      layout_loops_corners, basic_ecumenical_altar, eino_curves_04,
          fountainhead, nicolae_elevator_lobby_plus

Skill      XL: |  1  2  3  4 |
---------------+-------------+-----
Transmutations | 1 |  1.0
Fighting       | 1 2 |  2.2
Earth Magic    | 3 |  3.1
Armour         | 1 |  1.2
Conjurations   | 1 |  1.1
Dodging        | |  1.7
Stealth        | |  1.7
Spellcasting   | |  2.5

Action                   |  1- 3 |  4- 6 || total
-------------------------+-------+-------++-------
Melee: Club              |    26 |       ||    26
       Unarmed           |     4 |       ||     4
       Spear             |    69 |       ||    69
       Punch             |     3 |       ||     3
       Dagger            |       |    24 ||    24
 Cast: Sandblast         |    22 |    10 ||    32
  Use: Scroll            |       |     6 ||     6
 Stab: Sleeping          |     3 |       ||     3
Armor: Robe              |    36 |    10 ||    46
Dodge: Dodged            |    70 |     8 ||    78
